 Dungeon Crawl Stone Soup version 0.29.1-12-g30fa7ad0bf (webtiles) character file.

Game seed: 11533694066565406119

9316 Sanktem7 the Fighter (level 11, -14/108 HPs)
             Began as a Minotaur Fighter on Jan 3, 2023.
             Was a High Priest of Okawaru.
             Demolished by a two-headed ogre
             ... wielding a +0 giant spiked club
              (15 damage)
             ... on level 10 of the Dungeon.
             The game lasted 00:18:52 (9764 turns).

Sanktem7 the Fighter (Minotaur Fighter)             Turns: 9764, Time: 00:18:53

Health: -14/108    AC: 20    Str: 24    XL:     11   Next: 21%
Magic:  10/10      EV:  7    Int:  5    God:    Okawaru [*****.]
Gold:   521        SH:  0    Dex: 11    Spells: 10/10 levels left

rFire   x . .      SeeInvis .   k - +11 quarterstaff of the Enemy {vamp, rElec rCorr, staff}
rCold   + . .      Faith    .   (shield currently unavailable)
rNeg    . . .      Spirit   .   q - +0 plate armour
rPois   .          Reflect  .   (helmet restricted)
rElec   +          Harm     .   E - +2 cloak
rCorr   +          Rampage  .   y - +1 pair of gloves
Will    .....                   (no boots)
Stlth   ..........              A - amulet of regeneration {@e2}
HPRegen 1.08/turn               m - ring of wizardry
MPRegen 0.12/turn               H - ring of ice

@: no status effects
A: horns 2, retaliatory headbutt
a: Renounce Religion, Heroism, Finesse, Duel


You were on level 10 of the Dungeon.
You worshipped Okawaru.
Okawaru was extremely pleased with you.
You visited 2 branches of the dungeon, and saw 11 of its levels.
You also visited: Sewer.

You collected 521 gold pieces.


Innate Abilities, Weirdness & Mutations

You have a pair of horns on your head.
You reflexively headbutt those who attack you in melee.


   Skills:
 * Level 13.7 Fighting
 * Level 13.4 Maces & Flails
 + Level 10.1 Armour
 - Level 3.6 Shields


You had 10 spell levels left.
You didn't know any spells.
Your spell library contained the following spells:

 Spells                   Type           Power      Damage    Failure   Level
 Apportation              Tloc           0%         N/A       90%         1
 Foxfire                  Conj/Fire      0%         2x1d4     90%         1
 Necrotise                Necr           0%         1d4       90%         1
 Slow                     Hex            0%         N/A       90%         1
 Confusing Touch          Hex            0%         N/A       99%         3
 Conjure Flame            Conj/Fire      0%         6-21      99%         3
 Gell's Gravitas          Tloc           0%         N/A       99%         3
 Inner Flame              Hex/Fire       0%         N/A       99%         3
 Lesser Beckoning         Tloc           0%         N/A       99%         3
 Teleport Other           Tloc           0%         N/A       99%         3
 Vampiric Draining        Necr           0%         2d6       99%         3
 Cause Fear               Hex            0%         N/A       100%        4
 Flame Wave               Conj/Fire      0%         2d4       100%        4
 Leda's Liquefaction      Hex/Erth       0%         N/A       100%        4
 Lee's Rapid Deconstruct  Erth           0%         3d5*      100%        5
 Eringya's Noxious Bog    Tmut/Pois      0%         N/A       100%        6
 Statue Form              Tmut/Erth      0%         N/A       100%        6
 Storm Form               Tmut/Air       0%         N/A       100%        7
 Discord                  Hex            0%         N/A       100%        8
 Maxwell's Capacitive Co  Air            0%         ∞         100%        8
 Summon Small Mammal      Summ           Unusable   N/A       N/A         1
 Summon Lightning Spire   Summ/Air       Unusable   N/A       N/A         4
 Summon Forest            Summ/Tloc      Unusable   N/A       N/A         5
 Summon Hydra             Summ           Unusable   N/A       N/A         7

Inventory:

Hand Weapons
 a - a +1 flail of protection {mace}
 k - the +11 quarterstaff of the Enemy (weapon) {vamp, rElec rCorr, staff}
   (You took it off a kobold on level 3 of the Dungeon)

   It occasionally heals its wielder for a portion of the damage dealt when it
   wounds a living foe.
   rElec:     It insulates you from electricity.
   rCorr:     It protects you from acid and corrosion.
Missiles
 b - 4 throwing nets {=f!fthrowing}
 h - 7 stones {throwing}
 C - 9 boomerangs {throwing}
 D - 2 curare-tipped darts {=fthrowing}
 F - 3 silver javelins {throwing}
 G - 29 poisoned darts (quivered) {throwing}
Armour
 c - a +0 buckler
 q - a +0 plate armour (worn)
   (You found it on level 8 of the Dungeon)
 y - a +1 pair of gloves (worn)
   (You found it on level 4 of the Dungeon)
 E - a +2 cloak (worn)
   (You found it on level 5 of the Dungeon)
Magical Staves
 g - a staff of poison {!astaff}
   (You found it on level 2 of the Dungeon)
Jewellery
 e - an amulet of reflection
   (You found it on level 7 of the Dungeon)
 m - a ring of wizardry (left hand)
   (You found it on level 3 of the Dungeon)
 A - an amulet of regeneration (around neck) {@e2}
   (You found it on level 4 of the Dungeon)
 H - a ring of ice (right hand)
   (You found it on level 7 of the Dungeon)
Wands
 v - a wand of mindburst (29)
   (You found it on level 4 of the Dungeon)
 B - a wand of digging (4)
   (You found it on level 7 of the Dungeon)
 K - a wand of paralysis (6)
   (You found it on level 10 of the Dungeon)
 M - a wand of iceblast (17)
   (You found it on level 8 of the Dungeon)
Scrolls
 f - 8 scrolls of teleportation {@r4}
 j - 4 scrolls of poison {!r}
 l - 2 scrolls of fog
 r - 2 scrolls of fear
 x - 3 scrolls of noise {!r}
 J - 2 scrolls of amnesia
 L - a scroll of enchant armour
 N - a scroll of identify {@r1}
Potions
 d - 2 potions of might
 i - a potion of berserk rage {unknown}
 n - 5 potions of brilliance
 o - a potion of attraction {unknown}
 p - 3 potions of resistance {unknown}
 s - 5 potions of degeneration {!q@e2}
 t - 7 potions of curing {unknown}
 u - 4 potions of haste {unknown}
 w - 2 potions of invisibility {unknown}
 z - 4 potions of mutation {unknown}
 I - a potion of flight {unknown}

Dungeon Overview and Level Annotations

Branches:
Dungeon (10/15) Zot: 26271  Temple (1/1) D:5 Zot: 5983   Sewer (visited)
   Lair: D:8-11         Orc: D:9-12

Altars:
Cheibriados
Dithmenos
Fedhas
Hepliaklqana
Makhleb
Okawaru
Qazlal
Ru
Sif Muna
Trog
Vehumet
Xom
Yredelemnul
Zin

Shops:
D:1 *   D:7 :(*

Annotations:
D:9 2 transporters, exclusion: ice statue, Radix's ghost, novice GrEE

.....# #...##..###..##......
.....# #...##.......##...#..
.....## ###.##...#...##..[#..
.....#./#++# .#.##...#...##...#..
.....#:#....#?#.##...#...##...#..
.....##......##.##...#...##...#..
.#....+......'..##...#...##...#..
.#....+......'.O##...#...##...#..
.#...##.!....##O@....#...##...#..
.#...#=#....#)####...#...##...#.>
.#...#.)#++# . #...#...##...#..
.#...### # #...#...##...#..
.#...# #...#...##...#.. .#...#
#...#...##...#.. .#...#
#...#...##...#.. .#...# #.
#...#...##...... .#...####. ###.
#...#...##>.....


You could see 2 two-headed ogres.


Message History

You feel a bit more experienced.
Your Armour skill increases to level 10!
N - a scroll of identify {@r1} Key pressed, stopping explore.
Found an escape hatch in the floor.
You open the large door. 2 two-headed ogres come into view.
The two-headed ogre shouts in stereo! x2; You hear a shout!
You hear a bellow!
There is a large open door here.
There are monsters nearby!
A centaur warrior comes into view.
The centaur warrior shouts!
The centaur warrior wields a +0 shortbow.
The centaur warrior shoots an arrow.
The arrow hits you.
A yak comes into view. 😕 HP[-1]
You take 1 damage, and now have 106/107 hp.
The centaur warrior shoots an arrow.
The arrow barely misses you.
There is a large open door here. 😎 HP[+1]
Your hp is fully restored (107).
The centaur warrior shoots an arrow.
The arrow hits you!
The yak snorts and paws the ground. 😕 HP[-13]
You take 13 damage, and now have 94/107 hp.
The centaur warrior shoots an arrow.
The arrow hits you. 😕 HP[-3]
You take 3 damage, and now have 91/107 hp.
The yak attacks as you move away!
The yak gores you but does no damage. 😕 HP[+1]
You sock the yak!
You feel better. The yak gores you but does no damage.
The centaur warrior unwields a +0 shortbow.
The centaur warrior hits you!
The centaur warrior barely misses you. 😕 HP[-5]
You take 5 damage, and now have 87/107 hp.
You hit the yak.
You feel better. The yak gores you but does no damage.
The centaur warrior hits you but does no damage.
The centaur warrior closely misses you. 😕 HP[+2]
You regained 2 hp, and now have 89/107 hp.
You sock the yak! You headbutt the yak!
The centaur warrior hits you but does no damage.
The centaur warrior kicks you but does no damage.
The yak barely misses you. You furiously retaliate!
You headbutt the yak.
You kill the yak!
Okawaru accepts your kill. 😕 HP[+1]
You bludgeon the centaur warrior!! The centaur warrior hits you.
The centaur warrior closely misses you. 😕 HP[-1]
You take 1 damage, and now have 89/107 hp.
You sock the centaur warrior!
You feel better.
The centaur warrior hits you but does no damage.
The centaur warrior kicks you but does no damage.
The centaur warrior hits you.
The centaur warrior kicks you but does no damage.
The two-headed ogre hits you with a +0 giant spiked club! x2 😕 HP[-7]
You take 7 damage, and now have 82/107 hp.
You sock the centaur warrior!
You feel better.
Your headbutt misses the centaur warrior.
The centaur warrior hits you.
The centaur warrior kicks you but does no damage. 😮 HP[-3]
You take 3 damage, and now have 79/107 hp.
You sock the centaur warrior!
You feel better.
You headbutt the centaur warrior.
The centaur warrior completely misses you.
The centaur warrior kicks you but does no damage.
The two-headed ogre hits you but does no damage.
The two-headed ogre hits you with a +0 giant spiked club! 😮 HP[-5]
You take 5 damage, and now have 74/107 hp.
You bludgeon the centaur warrior!!
You kill the centaur warrior!
Okawaru accepts your kill. 😮 HP[+2]
You now have 108 max hp (+1).
You regained 2 hp, and now have 76/108 hp.
You sock the two-headed ogre!
You feel better.
You headbutt the two-headed ogre!
The two-headed ogre hits you with a +0 giant club!
The two-headed ogre hits you with a +0 giant spiked club! x2
* * * LOW HITPOINT WARNING * * *
The two-headed ogre closely misses you. 😨 HP[-24]
You take 24 damage, and now have 52/108 hp.
MASSIVE DAMAGE!! (PAUSE)
You bludgeon the two-headed ogre!!
You feel better. 😮 HP[+8]
You regained 8 hp, and now have 60/108 hp.
You hit the two-headed ogre.
You feel better.
The two-headed ogre hits you with a +0 giant club!!
* * * LOW HITPOINT WARNING * * *
The two-headed ogre hits you with a +0 giant spiked club!
* * * LOW HITPOINT WARNING * * *
The two-headed ogre hits you with a +0 giant spiked club!!
* * * LOW HITPOINT WARNING * * *
The two-headed ogre hits you with a +0 giant spiked club!
You die...

Skill      XL: |  1  2  3  4  5  6  7  8  9 10 11 |
---------------+----------------------------------+-----
Fighting       | 4 5 6 7 9 11 13 | 13.7
Maces & Flails | 3 4 5 6 7 9 11 13 | 13.4
Armour         | 4 5 6 7 8 9 10 | 10.1
Shields        | |  3.6

Action                   |  1- 3 |  4- 6 |  7- 9 | 10-12 || total
-------------------------+-------+-------+-------+-------++-------
Melee: Flail             |    47 |    34 |       |       ||    81
       Headbutt          |     3 |    10 |    26 |    41 ||    80
       Quarterstaff      |       |   110 |   204 |   172 ||   486
Throw: Stone             |       |       |    10 |       ||    10
  Use: Scroll            |       |       |    10 |     4 ||    14
       Potion            |       |       |     1 |       ||     1
Armor: Scale mail        |    22 |    63 |    90 |       ||   175
       Chain mail        |       |       |     3 |       ||     3
       Plate armour      |       |       |       |   202 ||   202
Dodge: Dodged            |    17 |    54 |   113 |    87 ||   271
Block: Buckler           |     6 |     7 |       |       ||    13

Levels and vault maps discovered:
D:1:      enne_arrival_octagon_isle, layout_loops_corners,
          shapermc_ecumenical_altar_gd, serial_shops, shop_fountains
D:2:      layout_basic, basic_altar, chequers_serial_rivers_micro_c,
          uniq_sigmund, uniq_jessica
D:3:      layout_basic
D:4:      layout_basic, fiery_altar_vehumet, gup_sewer_entry_bubbles
D:5:      layout_gridville, kennysheep_mini_moat, lemuel_temple_firewalk_b,
          minivault_11, uniq_ijyb, uniq_pikel
D:6:      layout_layer_cave, lemuel_crystal_altar, st_stairs_14,
          hangedman_abyss_or_decor_passed, dk_noncrumbling_3, uniq_grinder
D:7:      layout_gridville, serial_shops, nicolae_lakefront_shop, shop,
          kb_lookout_dungeons_type, nicolae_shop_vocational
D:8:      layout_cave_pools, slow_altar_2
D:9:      layout_rooms, nzn_ghost_randoct,
          hangedman_abyss_or_decor_jellyfish_corner, uniq_harold
D:10:     layout_long_grid, nicolae_overflow_hidden_temple, dpeg_oklobed_lair,
          kennysheep_diamond, lightli_fourway_metalbox
Temple:   compressed_dpeg_triangle_lava_temple

Notes
Turn   | Place    | Note
-------+----------+-------------------------------------------
     0 | D:1      | Sanktem7 the Minotaur Fighter began the quest for the Orb.
     0 | D:1      | Reached XP level 1. HP: 19/19 MP: 0/0
     0 | D:1      | magus.rc [v1.9.6]
   298 | D:1      | Found Zifeunac's General Store.
   459 | D:1      | Found a faded altar of an unknown god.
   635 | D:2      | Reached skill level 4 in Fighting
   635 | D:2      | Reached XP level 2. HP: 27/27 MP: 1/1
   723 | D:2      | Reached skill level 3 in Maces & Flails
   845 | D:2      | Found a hazy altar of Hepliaklqana.
   870 | D:2      | Reached skill level 4 in Armour
   871 | D:2      | Reached XP level 3. HP: 27/33 MP: 2/2
  1018 | D:2      | Noticed Sigmund
  1030 | D:2      | Killed Sigmund
  1031 | D:2      | Reached skill level 5 in Fighting
  1031 | D:2      | Reached skill level 4 in Maces & Flails
  1031 | D:2      | Reached XP level 4. HP: 24/42 MP: 3/3
  1031 | D:2      | Reached XP level 5. HP: 28/48 MP: 4/4
  1232 | D:2      | Noticed Jessica
  1239 | D:2      | Killed Jessica
  1436 | D:2      | Reached skill level 5 in Maces & Flails
  1444 | D:2      | You pick up a book of Displacement and begin reading...
  1444 | D:2      | You add the spells Lesser Beckoning, Gell's Gravitas and
                  | Teleport Other to your library.
  1601 | D:3      | Identified the +11 quarterstaff of the Enemy {vamp, rElec
                  | rCorr}
  2342 | D:4      | Reached XP level 6. HP: 57/57 MP: 5/5
  2569 | D:4      | Reached skill level 6 in Fighting
  2585 | D:4      | Found a glowing drain.
  2592 | Sewer    | Entered a sewer
  2603 | Sewer    | Reached skill level 5 in Armour
  3082 | D:4      | Reached skill level 6 in Maces & Flails
  3082 | D:4      | Reached XP level 7. HP: 61/64 MP: 6/6
  3241 | D:4      | Found a radiant altar of Vehumet.
  3806 | D:5      | Entered Level 5 of the Dungeon
  3861 | D:5      | Reached skill level 7 in Fighting
  3969 | D:5      | Reached skill level 7 in Maces & Flails
  4031 | D:5      | Reached skill level 6 in Armour
  4050 | D:5      | Found a burning altar of Makhleb.
  4063 | D:5      | Noticed Ijyb
  4072 | D:5      | Killed Ijyb
  4149 | D:5      | Reached XP level 8. HP: 65/74 MP: 7/7
  4155 | D:5      | Reached skill level 8 in Fighting
  4157 | D:5      | HP: 11/74 [gnoll/+0 halberd[a gnoll bouda] (12)]
  4680 | D:5      | Noticed Pikel
  4689 | D:5      | Killed Pikel
  4690 | D:5      | Reached skill level 9 in Fighting
  4690 | D:5      | Reached skill level 8 in Maces & Flails
  4841 | D:5      | Found a staircase to the Ecumenical Temple.
  4850 | Temple   | Entered the Ecumenical Temple
  4858 | Temple   | Became a worshipper of Warmaster Okawaru
  5211 | D:6      | Noticed a kobold demonologist
  5211 | D:6      | Noticed a kobold demonologist
  5216 | D:6      | Killed a kobold demonologist
  5217 | D:6      | Reached skill level 9 in Maces & Flails
  5217 | D:6      | Reached skill level 7 in Armour
  5217 | D:6      | Noticed an orange demon
  5221 | D:6      | Killed a kobold demonologist
  5221 | D:6      | Reached * piety under Okawaru
  5222 | D:6      | Reached XP level 9. HP: 78/85 MP: 8/8
  5524 | D:6      | Reached skill level 10 in Fighting
  5851 | D:6      | Found a blossoming altar of Fedhas.
  5856 | D:6      | Noticed Grinder
  5863 | D:6      | Paralysed by Grinder for 2 turns
  5865 | D:6      | Killed Grinder
  5865 | D:6      | Reached ** piety under Okawaru
  5866 | D:6      | Reached skill level 10 in Maces & Flails
  6029 | D:6      | You pick up a book of the Earth and begin reading...
  6029 | D:6      | You add the spells Leda's Liquefaction, Lee's Rapid
                  | Deconstruction and Statue Form to your library.
  6183 | D:6      | Reached skill level 8 in Armour
  6222 | D:6      | You pick up a book of Debilitation and begin reading...
  6222 | D:6      | You add the spells Slow, Vampiric Draining and Confusing
                  | Touch to your library.
  6446 | D:7      | You pick up a book of Hexes and begin reading...
  6446 | D:7      | You add the spells Inner Flame, Cause Fear and Discord to
                  | your library.
  6459 | D:7      | Found Mogoh's Antique Weapon Boutique.
  6520 | D:7      | Reached skill level 11 in Fighting
  6807 | D:7      | Found Hacuokob's General Store.
  7363 | D:7      | You pick up a book of Flames and begin reading...
  7363 | D:7      | You add the spells Foxfire, Conjure Flame and Flame Wave to
                  | your library.
  7414 | D:7      | Reached skill level 11 in Maces & Flails
  7424 | D:7      | You pick up a book of Cantrips and begin reading...
  7424 | D:7      | You add the spells Necrotise and Apportation to your
                  | library.
  7434 | D:7      | Found Urghaot's Vocational Training.
  7969 | D:8      | Reached *** piety under Okawaru
  7970 | D:8      | Reached XP level 10. HP: 96/96 MP: 9/9
  8164 | D:8      | You pick up a book of the Sky and begin reading...
  8164 | D:8      | You add the spells Storm Form and Maxwell's Capacitive
                  | Coupling to your library.
  8221 | D:8      | Found a snail-covered altar of Cheibriados.
  8553 | D:9      | Found a transporter.
  8560 | D:9      | Noticed an ice statue
  8605 | D:9      | Reached skill level 12 in Fighting
  8769 | D:9      | Reached skill level 9 in Armour
  8770 | D:9      | Reached **** piety under Okawaru
  8775 | D:9      | Reached skill level 12 in Maces & Flails
  8788 | D:9      | Noticed Radix's ghost (novice GrEE)
  8793 | D:9      | Noticed a wizard
  8797 | D:9      | Found a transporter.
  8797 | D:9      | Noticed a boulder beetle
  8963 | D:9      | Noticed Harold
  8978 | D:9      | Killed Harold
  9031 | D:10     | Entered Level 10 of the Dungeon
  9037 | D:10     | Received a gift from Okawaru
  9374 | D:10     | Reached skill level 13 in Fighting
  9385 | D:10     | Reached ***** piety under Okawaru
  9419 | D:10     | Reached skill level 13 in Maces & Flails
  9419 | D:10     | Reached XP level 11. HP: 94/107 MP: 10/10
  9552 | D:10     | Reached skill level 10 in Armour
  9748 | D:10     | Noticed a two-headed ogre
  9748 | D:10     | Noticed a two-headed ogre
  9749 | D:10     | Noticed a centaur warrior
  9761 | D:10     | Killed a centaur warrior
  9764 | D:10     | HP: 19/108 [two-headed ogre/+0 giant club (15)]
  9764 | D:10     | HP: 1/108 [two-headed ogre/+0 giant spiked club (18)]
  9764 | D:10     | Demolished by a two-headed ogre

Vanquished Creatures
  Harold (D:9)
  A centaur warrior (D:10)
  Pikel (D:5)
  A komodo dragon (D:10)
  An unseen horror (D:10)
  2 kobold demonologists (D:6)
  Grinder (D:6)
  Sigmund (D:2)
  13 yaks
  A wraith (D:10)
  4 vampire mosquitoes (D:10)
  An acid dragon (D:9)
  An ice beast (D:7)
  A black bear (D:6)
  A sky beast (D:6)
  An orc warrior (D:10)
  3 ogres
  5 centaurs
  A lemure (D:5)
  A phantom (D:4)
  6 kobold brigands
  6 bullfrogs
  4 scorpions
  3 wights (D:8)
  3 killer bees (D:10)
  4 howler monkeys
  8 orc priests
  2 gnoll boudas
  A jelly (D:8)
  4 hounds
  Jessica (D:2)
  Ijyb (D:5)
  3 orc wizards
  4 iguanas
  A mummy (D:8)
  13 gnolls
  10 adders
  6 river rats
  3 shadow imps
  A white imp (D:7)
  An ufetubus (D:7)
  3 worms (D:2)
  3 dart slugs (D:3)
  31 orcs
  10 ball pythons
  6 endoplasms
  8 giant cockroaches
  3 goblins
  3 hobgoblins
  3 jackals (D:3)
  3 quokkas
  5 bats
  6 frilled lizards
  27 kobolds
  17 rats
255 creatures vanquished.

Vanquished Creatures (others)
  A bush (D:7)
1 creature vanquished.

Grand Total: 256 creatures vanquished

Table legend:
 A = Non-vault XP
 B = Vault XP
 C = Vault XP percentage of total XP
 D = Non-vault monster count
 E = Vault monster count
 F = Vault count percentage of total count
                 A         B        C        D         E       F
            +---------+---------+-------+---------+---------+-------
      Total |    9808 |    3501 |  26.3 |     211 |      43 |  16.9
            +---------+---------+-------+---------+---------+-------
        D:1 |      11 |       0 |   0.0 |       7 |       0 |   0.0
        D:2 |      59 |     260 |  81.5 |      24 |       2 |   7.7
        D:3 |      39 |       0 |   0.0 |      20 |       0 |   0.0
        D:4 |     335 |      26 |   7.2 |      14 |       8 |  36.4
        D:5 |     726 |     699 |  49.1 |      26 |       2 |   7.1
        D:6 |    1684 |     303 |  15.2 |      27 |       2 |   6.9
        D:7 |     833 |     112 |  11.9 |      26 |       1 |   3.7
        D:8 |    1242 |      18 |   1.4 |      32 |       1 |   3.0
        D:9 |    1645 |     868 |  34.5 |      14 |       1 |   6.7
       D:10 |    3234 |    1066 |  24.8 |      21 |       2 |   8.7
      Sewer |       0 |     149 | 100.0 |       0 |      24 | 100.0
            +---------+---------+-------+---------+---------+-------

Illustrated notes

Table legend:
 A = Kills in this place as a percentage of kills in entire the game.
 B = Kills by you in this place as a percentage of kills by you in the entire game.
 C = Kills by friends in this place as a percentage of kills by friends in the entire game.
 D = Other kills in this place as a percentage of other kills in the entire game.
 E = Experience gained in this place as a percentage of experience gained in the entire game.
 F = Experience gained in this place divided by the number of levels of this place that you have seen.
                   A       B       C       D       E      F
               +-------+-------+-------+-------+-------+----------------------
         Total | 100.0 | 100.0 |   N/A |   N/A | 100.0 | 1109.1
       Dungeon |  90.6 |  90.6 |   N/A |   N/A |  98.9 | 1316.0
         Sewer |   9.4 |   9.4 |   N/A |   N/A |   1.1 | 149.0
               +-------+-------+-------+-------+-------+----------------------

Table legend: (Time is in decaauts)
 A = Elapsed time spent in this place.
 B = Non-inter-level travel time spent in this place.
 C = Inter-level travel time spent in this place.
 D = Time resting spent in this place.
 E = Time spent auto-exploring this place.
 F = Levels seen in this place.
 G = Mean time per level.
                   A        B        C        D        E       F      G
               +--------+--------+--------+--------+--------+-----+--------+
         Total |   9884 |   9400 |    484 |    329 |   7365 |  12 |  823.7 |
       Dungeon |   9421 |   8951 |    470 |    329 |   7061 |  10 |  942.1 |
        Temple |     16 |      2 |     14 |      0 |      0 |   1 |   16.0 |
         Sewer |    446 |    446 |      0 |      0 |    304 |   1 |  446.0 |
               +--------+--------+--------+--------+--------+-----+--------+

Top non-repeatable levels by time:
     D:7: 1549 daAuts
     D:5: 1343 daAuts
     D:6: 1245 daAuts
     D:4: 1166 daAuts
     D:2: 930 daAuts
     D:3: 744 daAuts
    D:10: 728 daAuts
     D:1: 628 daAuts
     D:8: 542 daAuts
     D:9: 541 daAuts
   Sewer: 446 daAuts
  Temple: 16 daAuts
